 Dungeon Crawl Stone Soup version 0.29.1-1-gd02db69 (webtiles) character file.

Game seed: 12557803011511392190

13 Dorkslayer the Trooper (level 2, -5/27 HPs)
             Began as a Hill Orc Fighter on Oct 17, 2022.
             Succumbed to a kobold's poison
             ... on level 1 of the Dungeon.
             The game lasted 00:00:40 (363 turns).

Dorkslayer the Trooper (Hill Orc Fighter)            Turns: 363, Time: 00:00:40

Health: -5/27      AC:  6    Str: 18    XL:     2   Next: 37%
Magic:  2/2        EV:  9    Int:  8    God:
Gold:   11         SH:  4    Dex: 10    Spells: 1/1 levels left

rFire   . . .      SeeInvis .   a - +0 war axe
rCold   . . .      Faith    .   c - +0 buckler
rNeg    . . .      Spirit   .   b - +0 scale mail
rPois   .          Reflect  .   (no helmet)
rElec   .          Harm     .   (no cloak)
rCorr   .          Rampage  .   (no gloves)
Will    .....                   (no boots)
Stlth   ..........              (no amulet)
HPRegen 0.09/turn               i - ring of flight
MPRegen 0.08/turn               (no ring)

@: lethally poisoned (-5 -> -24), flying
A: no striking features
a: no special abilities


You were on level 1 of the Dungeon.
You visited 1 branch of the dungeon, and saw 1 of its levels.

You collected 11 gold pieces.

Inventory:

Hand Weapons
 a - a +0 war axe (weapon)
Armour
 b - a +0 scale mail (worn)
 c - a +0 buckler (worn)
Jewellery
 i - a ring of flight (left hand)
Scrolls
 e - a scroll of identify {unknown}
 h - a scroll of enchant weapon {unknown}
Potions
 d - a potion of might
 f - a potion of degeneration {unknown}
 g - 2 potions of flight {unknown}


   Skills:
 + Level 3.9 Fighting
 + Level 2.9 Axes
 + Level 3.4 Armour
 * Level 0.6 Dodging
 + Level 3.4 Shields


You had one spell level left.
You didn't know any spells.
Your spell library was empty.

Dungeon Overview and Level Annotations

Branches:
Dungeon (1/15)

Altars:


Message History

The dart slug launches a dart at you.
The slug dart hits you but does no damage.
You hit the dart slug.
The dart slug is moderately wounded.
The dart slug bites you but does no damage.
You completely miss the dart slug.
The dart slug is moderately wounded.
The dart slug launches a dart at you. The slug dart misses you.
You slash the dart slug!
You kill the dart slug!
You see here a dart slug corpse.
HP restored.
A kobold comes into view. It is wielding a +1 dagger of venom.
The kobold shouts!
You hear an angry hiss.
The kobold hits you but does no damage.
You closely miss the kobold. You block the kobold's attack.
The kobold hits you with a +1 dagger of venom.
You are poisoned.
You closely miss the kobold.
You feel very sick. The kobold hits you but does no damage.
You are lethally poisoned!
You closely miss the kobold.
You feel very sick.
A ball python comes into view.
The kobold hits you but does no damage.
You are more poisoned.
The ball python hisses angrily.
You hit the kobold but do no damage.
* * * LOW HITPOINT WARNING * * *
You feel extremely sick. The kobold closely misses you. x2
You closely miss the kobold.
* * * LOW HITPOINT WARNING * * *
You feel very sick. The kobold hits you but does no damage.
You are more poisoned.
You miss the kobold.
You die...

##.......###..................##.
.................................
..............#.......†..####.###
...........................##.#
.........................#.##.##
.......................#.#.....#
...............#######.#.#######
....... #.......#.# #@#######.#
#K# #.# #S# #.# #.# #.# ..# ###


You could see a ball python and a kobold.

Vanquished Creatures
  A dart slug (D:1)
  2 endoplasms (D:1)
  A hobgoblin (D:1)
  A kobold (D:1)
  A bat (D:1)
  A frilled lizard (D:1)
  3 goblins (D:1)
10 creatures vanquished.

Notes
Turn   | Place    | Note
-------+----------+-------------------------------------------
     0 | D:1      | Dorkslayer the Hill Orc Fighter began the quest for the
                  | Orb.
     0 | D:1      | Reached XP level 1. HP: 19/19 MP: 1/1
   156 | D:1      | Reached XP level 2. HP: 24/27 MP: 2/2
   362 | D:1      | HP: 1/27 [poisoned by a kobold]
   363 | D:1      | Succumbed to a kobold's poison

Illustrated notes

Levels and vault maps discovered:
D:1:      dpeg_arrival_oval, layout_basic

Action                   || total
-------------------------++-------
Melee: War axe           ||    28
Armor: Scale mail        ||    17
Dodge: Dodged            ||     7
Block: Buckler           ||     3
